 Dungeon Crawl Stone Soup version 0.31-a0-202-g547052bce9 (webtiles) character file.

Game seed: 15047067568565394118

88 qw the Shooter (level 4, -3/25 HPs)
             Began as a Deep Elf Hunter on June 26, 2023.
             Slain by a phantom (6 damage)
             ... on level 3 of the Dungeon.
             The game lasted 00:00:42 (1603 turns).

qw the Shooter (Deep Elf Hunter)                    Turns: 1603, Time: 00:00:42

Health: -3/25      AC:  5    Str: 10    XL:     4   Next: 30%
Magic:  6/6        EV: 16    Int: 14    God:
Gold:   113        SH:  0    Dex: 18    Spells: 3/3 levels left

rFire   . . .        Y - +0 shortbow
rCold   . . .        (shield currently unavailable)
rNeg    . . .        k - +0 ring mail
rPois   .            (no helmet)
rElec   .            (no cloak)
rCorr   .            (no gloves)
SInv    +            (no boots)
Will    .....        (no amulet)
Stlth   +            m - ring of see invisible
HPRegen 0.24/turn    e - +5 ring of evasion
MPRegen 0.10/turn

%: no passive effects
@: no status effects
A: no striking features
a: no special abilities


You were on level 3 of the Dungeon.
You visited 1 branch of the dungeon, and saw 3 of its levels.

You collected 113 gold pieces.


   Skills:
 - Level 1.5 Fighting
 + Level 7.7 Ranged Weapons
 - Level 2.4 Dodging
 - Level 1.2 Stealth


You had 3 spell levels left.
You didn't know any spells.
Your spell library was empty.

Inventory:

Hand Weapons
 Y - a +0 shortbow (weapon)
Armour
 k - a +0 ring mail (worn)
Jewellery
 a - a ring of protection from cold
 e - a +5 ring of evasion (right hand)
 m - a ring of see invisible (left hand)
Potions
 c - a potion of degeneration {unknown}
 d - a potion of berserk rage {unknown}
 h - a potion of brilliance {unknown}
 j - 2 potions of curing

Dungeon Overview and Level Annotations

Branches:
Dungeon (3/15)

Altars:
Cheibriados


Message History

The phantom is heavily damaged.
An orc comes into view. It is wielding a +1 dagger of speed.
The phantom hits you but does no damage.
You shoot an arrow. The arrow closely misses the phantom.
The phantom misses you.
You shoot an arrow. The arrow closely misses the phantom.
The arrow hits the orc but does no damage.
The phantom barely misses you. x2
You shoot an arrow. The arrow closely misses the phantom.
The arrow hits the orc but does no damage.
The phantom hits you but does no damage.
You shoot an arrow. The arrow hits the phantom.
The phantom is heavily damaged.
The orc priest invokes the aid of Beogh against you.
Beogh smites you!
Ouch! That really hurt!
The phantom closely misses you.
You shoot an arrow. The arrow hits the phantom.
The phantom is heavily damaged.
The phantom barely misses you. The orc barely misses you.
You shoot an arrow. The arrow hits the phantom.
The phantom is severely damaged.
The phantom hits you!
The phantom blinks!
You blink.
Enter note: You shoot an arrow.
The arrow completely misses the phantom.
The arrow hits the orc.
The orc is severely wounded.
The phantom hits you but does no damage.
The orc hits you with a +1 dagger of speed.
The phantom completely misses you.
You shoot an arrow. The arrow hits the phantom.
The phantom is severely damaged.
The orc misses you. The phantom barely misses you. The orc priest misses you.
You shoot an arrow.
The arrow hits the phantom but does no damage.
The phantom is severely damaged.
The orc hits you but does no damage. The orc priest completely misses you.
The phantom hits you.
You die...

......#.##
##..##
.....##..##
#..# #.##.
#...###..###...
#
#.#..........#
#.#..........#
#...###..###...
# ##oo## #..#
.. ...##.#oW#
#..# .
.....%'@o# ....
......#...#
.##..
#.######......
... #......
#...## #'## .#
#


You could see a phantom, an orc priest and 3 orcs.

Vanquished Creatures
  A gnoll (D:1)
  2 adders (D:2)
  A worm (D:2)
  4 orcs (D:3)
  6 ball pythons
  4 endoplasms
  9 giant cockroaches
  4 goblins
  3 hobgoblins
  2 jackals (D:2)
  A quokka (D:1)
  2 bats (D:2)
  3 frilled lizards
  4 kobolds
  2 rats (D:1)
48 creatures vanquished.

Notes
Turn   | Place    | Note
-------+----------+-------------------------------------------
     0 | D:1      | qw the Deep Elf Hunter began the quest for the Orb.
     0 | D:1      | Reached XP level 1. HP: 12/12 MP: 3/3
     0 | D:1      | 0 ||| qw: Version: 0.3-a-22-g0ed2b0b
     0 | D:1      | 0 ||| qw: Game counter: 5834
     0 | D:1      | 0 ||| qw: Melee chars always use a shield: true
     0 | D:1      | 0 ||| qw: God list: Okawaru
     0 | D:1      | 0 ||| qw: Allow faded altars: false
     0 | D:1      | 0 ||| qw: Do Orc after clearing Dungeon:15 true
     0 | D:1      | 0 ||| qw: Do second Lair branch before Depths: true
     0 | D:1      | 0 ||| qw: Lair rune preference: random
     0 | D:1      | 0 ||| qw: Goals: Normal
     0 | D:1      | 0 ||| PLANNING D:1-11
   140 | D:1      | Found a faded altar of an unknown god.
   392 | D:1      | Reached skill level 6 in Ranged Weapons
   392 | D:1      | Reached XP level 2. HP: 11/16 MP: 4/4
   672 | D:1      | 672 ||| UPGRADING to +0 ring mail.
   682 | D:1      | 682 ||| DROPPING +0 leather armour.
   683 | D:1      | 683 ||| DROPPING ring of flight.
   684 | D:1      | 684 ||| UPGRADING to ring of see invisible.
   685 | D:1      | 685 ||| READING scroll labelled XOH OTOCKISA.
   686 | D:1      | 686 ||| READING scroll labelled DAIHOU KYMN.
   687 | D:1      | 687 ||| READING scroll labelled CUSASM REGIE.
   688 | D:1      | 688 ||| DRINKING 2 amethyst potions.
   689 | D:1      | 689 ||| DRINKING 2 lumpy black potions.
   690 | D:1      | 690 ||| DROPPING scroll of butterflies.
   691 | D:1      | 691 ||| DROPPING potion of attraction.
   748 | D:2      | Reached XP level 3. HP: 20/20 MP: 5/5
   846 | D:2      | Reached skill level 7 in Ranged Weapons
   880 | D:2      | Found a snail-covered altar of Cheibriados.
   888 | D:2      | Identified the +6 mace of Lawniko {freeze, rN++ Will- Str+3
                  | Dex-3}
   969 | D:2      | Identified the +0 robe of the Devil's Advocate {Dex+3}
  1363 | D:2      | Reached XP level 4. HP: 25/25 MP: 6/6
  1427 | D:2      | 1427 ||| DROPPING +0 robe of the Devil's Advocate {Dex+3}.
  1428 | D:2      | 1428 ||| UPGRADING to +5 ring of evasion.
  1429 | D:2      | 1429 ||| READING scroll labelled TITARPHENTA.
  1580 | D:3      | Noticed a phantom
  1600 | D:3      | HP: 4/25 [phantom (7)]
  1603 | D:3      | Slain by a phantom

Levels and vault maps discovered:
D:1:      dpeg_arrival_central, layout_rooms, serial_corexii_hall,
          corexii_hall_statues_l, chequers_hall_statues_y,
          chequers_hall_statues_wall_a, corexii_hall_statues_i,
          chequers_ecumenical_altar_island
D:2:      minmay_roachtagon, layout_loops_ring, basic_altar
D:3:      layout_loops_corners, st_stairs_14, palyth_stone_intersect,
          minivault_27, dk_vineyard_1, uniq_robin

Skill      XL: |  1  2  3 |
---------------+----------+-----
Ranged Weapons | 6 7 |  7.7
Fighting       | |  1.5
Dodging        | |  2.4
Stealth        | |  1.2

Action                     |  1- 3 |  4- 6 || total
---------------------------+-------+-------++-------
   Fire: Shortbow          |   103 |    54 ||   157
    Use: Scroll            |     3 |     1 ||     4
         Potion            |     2 |       ||     2
 Armour: Leather armour    |     4 |       ||     4
         Ring mail         |    19 |     7 ||    26
  Dodge: Dodged            |    19 |    21 ||    40

Table legend:
 A = Non-vault XP
 B = Vault XP
 C = Vault XP percentage of total XP
 D = Non-vault monster count
 E = Vault monster count
 F = Vault count percentage of total count
                 A         B        C        D         E       F
            +---------+---------+-------+---------+---------+-------
      Total |     111 |      16 |  12.6 |      40 |       8 |  16.7
            +---------+---------+-------+---------+---------+-------
        D:1 |      39 |       0 |   0.0 |      16 |       0 |   0.0
        D:2 |      53 |      16 |  23.2 |      16 |       8 |  33.3
        D:3 |      19 |       0 |   0.0 |       8 |       0 |   0.0
            +---------+---------+-------+---------+---------+-------
